 Dungeon Crawl Stone Soup version 0.32-a0-616-g9348d4545b (webtiles) character file.

Game seed: 4753390523668780387

2144 Aldia the Trooper (level 9, -11/72 HPs)
             Began as a Formicid Fighter on Mar 5, 2024.
             Was an Initiate of Yredelemnul.
             Mangled by a cyclops (23 damage)
             ... on level 7 of the Dungeon.
             The game lasted 00:09:33 (5138 turns).

Aldia the Trooper (Formicid Fighter)                Turns: 5138, Time: 00:09:34

Health: -11/72     AC: 17    Str: 35    XL:     9   Next: 56%
Magic:  9/9        EV: 10    Int:  8    God:    Yredelemnul [......]
Gold:   377        SH:  5    Dex: 15    Spells: 8/8 levels left

rFire   . . .        s - +3 whip (elec)
rCold   . . .        c - +0 buckler
rNeg    . . .        u - +7 chain mail of the Beggar {rElec rPois Will- rCorr}
rPois   +            (helmet unavailable)
rElec   +            g - scarf {+Inv}
rCorr   +            (no gloves)
SInv    +            (no boots)
Will    .....        p - amulet of magic regeneration Stlth
                     h - +6 ring of strength
HPRegen 0.32/turn    x - +6 ring of strength
MPRegen 0.51/turn

%: no passive effects
@: lethally poisoned (-11 -> -13), weakened, wreathed by umbra
A: permanent stasis, dig shafts and tunnels, antennae 3, four strong arms
a: Dig, Shaft Self, Renounce Religion, Evoke Invisibility, Light the Black
Torch, Recall Undead Harvest


You were on level 7 of the Dungeon.
You worshipped Yredelemnul.
Yredelemnul was noncommittal.
You visited 2 branches of the dungeon, and saw 8 of its levels.

You collected 377 gold pieces.

Inventory:

Hand Weapons
 a - a +0 quarterstaff
 s - a +3 whip of electrocution (weapon)
 w - a +4 flail
 y - a +0 dire flail
Missiles
 q - 3 javelins
Armour
 c - a +0 buckler (worn)
 g - a scarf of invisibility (worn)
 u - the +7 chain mail of the Beggar (worn) {rElec rPois Will- rCorr}
   (You found it on level 2 of the Dungeon)

   rElec:     It insulates you from electricity.
   rPois:     It protects you from poison.
   Will-:     It decreases your willpower.
   rCorr:     It protects you from acid and corrosion.
Jewellery
 h - a +6 ring of strength (left hand)
 i - a ring of magical power
 p - an amulet of magic regeneration (around neck)
 x - a +6 ring of strength (right hand)
Wands
 m - a wand of acid (13)
 v - a wand of polymorph (7)
Scrolls
 b - a scroll of poison {unknown}
 f - a scroll of torment {unknown}
 n - a scroll of enchant weapon {unknown}
 o - a scroll of fog
 t - a scroll of revelation {unknown}
Potions
 d - a potion of might
 e - 3 potions of heal wounds
 j - 3 potions of lignification
 k - a potion of mutation
 l - a potion of brilliance {unknown}
 r - a potion of cancellation {unknown}
 z - a potion of resistance {unknown}


   Skills:
 + Level 7.0 Fighting
 * Level 6.8(7.4) Maces & Flails
 - Level 4.5(6.3) Staves
 - Level 7.0 Armour
 + Level 3.0 Dodging
 - Level 4.0 Shields
 + Level 1.1 Invocations


You had 8 spell levels left.
You didn't know any spells.
Your spell library contained the following spells:

 Spells                   Type           Power      Damage    Failure   Level
 Lesser Beckoning         Tloc           0%         N/A       93%         2
 Scorch                   Fire           0%         2d5       93%         2
 Gell's Gravitas          Tloc           0%         N/A       99%         3
 Teleport Other           Tloc           0%         N/A       99%         3
 Brom's Barrelling Bould  Conj/Erth      0%         2d3       100%        4
 Flame Wave               Conj/Fire      0%         2d4       100%        4
 Fireball                 Conj/Fire      0%         3d3       100%        5
 Iskenderun's Battlesphe  Conj           0%         2d6       100%        5
 Conjure Ball Lightning   Conj/Air       0%         3x3d6     100%        6
 Summon Cactus Giant      Summ           0%         N/A       100%        6
 Orb of Destruction       Conj           0%         9d5       100%        7


Dungeon Overview and Level Annotations

Branches:
Dungeon (7/15)             Temple (1/1) D:6

Altars:
Ashenzari
Dithmenos
Elyvilon
Fedhas
Gozag
Hepliaklqana
Kikubaaqudgha
Makhleb
Nemelex Xobeh
Ru
Sif Muna
Trog
Uskayaw
Vehumet
Wu Jian
Xom
Yredelemnul
Zin
The Shining One

Shops:
D:3 [   D:6 =

Annotations:
Temple 2 transporters


Innate Abilities, Weirdness & Mutations

You cannot be hasted, slowed, berserked, paralysed or teleported.
You can dig through walls and to a lower floor.
You have a pair of large antennae on your head. (SInv)
Your four strong arms can wield two-handed weapons with a shield.


Message History

The gnoll barely misses you.
The gnoll bouda hits you but does no damage.
Your kobold brigand zombie hits the gnoll bouda.
Your kobold zombie hits the gnoll but does no damage.
Your kobold zombie hits the gnoll bouda.
You hit the cyclops.
The cyclops is heavily wounded.
You feel sick.
You are no longer poisoned.
You block the gnoll's attack. The gnoll hits you with a +0 club.
The cyclops closely misses you. The gnoll hits you with a +0 flail.
* * * LOW HITPOINT WARNING * * *
The kobold barely misses you.
The gnoll bouda hits your kobold zombie with a +0 club!
Your kobold zombie is destroyed!
You hit the cyclops but do no damage.
The cyclops is heavily wounded.
Your kobold brigand zombie hits the gnoll bouda.
Your kobold zombie hits the gnoll.
The gnoll hits you but does no damage.
You are poisoned.
The gnoll closely misses you. The kobold hits you but does no damage.
The gnoll bouda hits you but does no damage.
The gnoll barely misses you.
You hit the cyclops.
The cyclops is heavily wounded.
You feel sick. The cyclops barely misses you.
Your kobold brigand zombie barely misses the gnoll bouda.
You hit the cyclops but do no damage.
The cyclops is heavily wounded.
You feel sick. The gnoll hits you with a +0 club.
* * * LOW HITPOINT WARNING * * *
The gnoll barely misses you.
Your kobold zombie hits the gnoll.
The kobold hits you but does no damage. The gnoll bouda completely misses you.
The gnoll hits you with a +0 flail.
* * * LOW HITPOINT WARNING * * *
You completely miss the cyclops.
The cyclops is heavily wounded.
You feel sick. The cyclops hits you!!
You die...
Your body rises from the dead as a mindless zombie.

....: ... ..... #.# #
.....###.# .#
..>......###.#####
#............#...#
#.....gg...###.#Z#
#....gCKg......#Z#######
#.....Z@g..#####.#......
#.....gZ...# #........
#..........#######......
#..........##....Z......
#####.#######.........(.
#. #...........
...######...........
.....................
#####.#.######.###


You could see a cyclops, a gnoll bouda (ally target), 5 gnolls, a kobold, a
friendly kobold zombie and a friendly kobold brigand zombie.

Vanquished Creatures
  A gargoyle (D:6)
  A water moccasin (D:7)
  2 ice beasts
  Pargi (D:2)
  An orc warrior (D:7)
  A black bear (D:5)
  A kobold brigand (D:7)
  A bullfrog (D:7)
  2 scorpions
  5 wights (D:6)
  4 hounds
  3 orc priests
  A gnoll bouda (D:7)
  A jelly (D:5)
  Jessica (D:3)
  4 iguanas
  3 orc wizards
  4 gnolls (D:7)
  A river rat (D:3)
  10 adders
  2 shadow imps
  A white imp (D:5)
  2 dart slugs
  20 orcs
  8 ball pythons
  9 endoplasms
  3 giant cockroaches
  9 goblins
  3 hobgoblins
  4 jackals (D:1)
  2 quokkas
  4 bats
  3 frilled lizards
  11 kobolds
  5 rats
134 creatures vanquished.

Vanquished Creatures (collateral kills)
  A bullfrog (D:7)
  A kobold (D:7)
2 creatures vanquished.

Vanquished Creatures (others)
  2 gnoll zombies (D:7)
  An orc zombie (D:7)
  A kobold zombie (D:7)
4 creatures vanquished.

Grand Total: 140 creatures vanquished

Notes
Turn   | Place    | Note
-------+----------+-------------------------------------------
     0 | D:1      | Aldia the Formicid Fighter began the quest for the Orb.
     0 | D:1      | Reached XP level 1. HP: 18/18 MP: 1/1
   108 | D:1      | Reached XP level 2. HP: 24/24 MP: 2/2
   390 | D:1      | Reached XP level 3. HP: 27/29 MP: 3/3
   578 | D:1      | Found a faded altar of an unknown god.
  1082 | D:2      | Identified the +7 chain mail of the Beggar {rElec rPois
                  | Will- rCorr}
  1309 | D:2      | Reached XP level 4. HP: 37/37 MP: 4/4
  1634 | D:3      | Noticed Pargi
  1657 | D:2      | Killed Pargi
  1658 | D:2      | Reached XP level 5. HP: 27/42 MP: 5/5
  1824 | D:3      | Reached XP level 6. HP: 48/49 MP: 6/6
  1918 | D:3      | Found Qapn's Armour Boutique.
  1988 | D:3      | Noticed Jessica
  2027 | D:3      | Killed Jessica
  2495 | D:3      | Reached skill level 1 in Maces & Flails
  3046 | D:5      | Entered Level 5 of the Dungeon
  3134 | D:5      | Reached XP level 7. HP: 55/55 MP: 7/7
  3240 | D:5      | Reached skill level 5 in Fighting
  3240 | D:5      | Reached skill level 5 in Armour
  3830 | D:6      | Reached XP level 8. HP: 63/63 MP: 8/8
  3932 | D:6      | Noticed a gargoyle
  3949 | D:6      | Killed a gargoyle
  3950 | D:6      | Reached skill level 1 in Dodging
  4103 | D:6      | Found Paciad's Jewellery Shop.
  4123 | D:6      | Reached skill level 5 in Maces & Flails
  4285 | D:6      | Reached XP level 9. HP: 21/71 MP: 9/9
  4825 | D:6      | Found a staircase to the Ecumenical Temple.
  4837 | Temple   | Found a transporter.
  4837 | Temple   | Found a transporter.
  4837 | Temple   | Found a transporter.
  4837 | Temple   | Found a transporter.
  4837 | Temple   | Entered the Ecumenical Temple
  4855 | Temple   | Became a worshipper of Yredelemnul the Fallen
  5107 | D:7      | Noticed a cyclops
  5128 | D:7      | Reached skill level 1 in Invocations
  5138 | D:7      | Mangled by a cyclops

Illustrated notes

Levels and vault maps discovered:
D:1:      matt_arrival_los_fun, layout_loops_cross,
          hellmonk_ecumenical_altar_heavens_door
D:2:      layout_loops_ring, wad_orctagon
D:3:      layout_rooms, portal_sewer_entry_b, serial_shops,
          nicolae_shop_behind_doors, minmay_misc_feat_iff,
          kennysheep_generic_room_8, uniq_pargi, uniq_jessica
D:4:      layout_cave_pools
D:5:      layout_basic, dk_noncrumbling_4, kennysheep_generic_room_9
D:6:      layout_basic, minmay_temple_entry_proselytizer, serial_shops,
          nicolae_shop_temple_entry_statues_fountains
D:7:      layout_basic, uniq_menkaure
Temple:   hellmonk_temple_divided_pantheon

Skill      XL: |  1  2  3  4  5  6  7  8  9 |
---------------+----------------------------+-----
Staves         | 3 4 |  4.5
Fighting       | 4 5 6 7 |  7.0
Armour         | 4 5 6 7 |  7.0
Maces & Flails | 2 3 5 6 |  6.8
Dodging        | 2 3 |  3.0
Invocations    | 1 |  1.1
Shields        | |  4.0

Action                     |  1- 3 |  4- 6 |  7- 9 || total
---------------------------+-------+-------+-------++-------
  Melee: Quarterstaff      |    73 |       |    13 ||    86
         Whip              |     9 |   142 |   198 ||   349
         Unarmed           |       |     4 |       ||     4
 Invoke: Light the Black T |       |       |     1 ||     1
    Use: Scroll            |       |     5 |     2 ||     7
   Stab: Distracted        |       |       |     1 ||     1
 Armour: Scale mail        |    58 |     1 |       ||    59
         Chain mail        |       |   150 |   162 ||   312
         Skin              |       |     1 |       ||     1
  Dodge: Dodged            |    34 |    93 |   108 ||   235
  Block: Buckler           |    18 |    54 |    55 ||   127

Table legend: (Time is in decaauts)
 A = Elapsed time spent in this place.
 B = Non-inter-level travel time spent in this place.
 C = Inter-level travel time spent in this place.
 D = Time resting spent in this place.
 E = Time spent auto-exploring this place.
 F = Levels seen in this place.
 G = Mean time per level.
                   A        B        C        D        E       F      G
               +--------+--------+--------+--------+--------+-----+--------+
         Total |   5111 |   4716 |    395 |     21 |   3609 |   8 |  638.9 |
       Dungeon |   5074 |   4686 |    388 |     21 |   3609 |   7 |  724.9 |
        Temple |     36 |     29 |      7 |      0 |      0 |   1 |   36.0 |
               +--------+--------+--------+--------+--------+-----+--------+

Top non-repeatable levels by time:
     D:6: 1074 daAuts
     D:2: 1001 daAuts
     D:1: 840 daAuts
     D:5: 770 daAuts
     D:3: 716 daAuts
     D:4: 499 daAuts
     D:7: 173 daAuts
  Temple: 36 daAuts
